Map: Post-Youth LE

Players

shootme - Winner!

  • Race: Terran Terran
  • Spawn Location: 7:00

watershark

  • Race: Zerg Zerg
  • League: Bronze
  • Spawn Location: 1:00

VOD

Have the link to the VOD?

Description

seemed successful idk

Time

  • Played on: July 18, 2024, 9:47 a.m.
  • Length: 11:47
Show
View Real Time Build Order
Export as new Build Order

shootme Terran - Winner!

Build Orders:  

Get SALT Encoding   

  12  0:00  SCV  
  13  0:12  SCV  
  14  0:19  Supply Depot  
  14  0:25  SCV  
  15  0:41  SCV  
  16  0:45  Barracks  
  16  0:53  Refinery, SCV  
  17  1:05  SCV  
  18  1:17  SCV  
  19  1:32  Orbital Command  
  19  1:38  Barracks Reactor  
  19  1:53  Bunker  
  19  2:01  SCV  
  20  2:07  Command Center  
  20  2:16  Marine  
  20  2:17  Marine  
  22  2:25  Barracks  
  22  2:27  SCV  
  22  2:29  Barracks  
  23  2:34  Supply Depot  
  23  2:48  Supply Depot  
  23  2:56  SCV, Marine x2  
  23  2:57  Supply Depot  
  26  3:08  SCV  
  27  3:13  Marine  
  28  3:22  Factory  
  28  3:24  Barracks Tech Lab  
  28  3:26  Barracks Reactor  
  28  3:53  Marine  
  28  3:54  Marine  
  28  3:55  Reaper  
  31  4:02  Marine  
  31  4:03  Marine  
  31  4:09  Factory Tech Lab  
  33  4:17  Marine x2  
  35  4:30  Starport  
  35  4:37  Refinery  
  35  4:44  Refinery  
  35  5:00  Stimpack  
  35  5:19  Medivac  
  37  5:23  Marine x2  
  37  5:24  Marine x2  
  37  5:26  Marine  
  42  5:37  Siege Tank  
  45  5:44  Orbital Command  
  45  5:54  Medivac  
  47  6:14  Refinery  
  47  6:22  Marine x2  
  47  6:24  Reaper x2, Marauder  
  53  6:28  Viking  
  55  6:39  Combat Shield  
  55  6:56  Hurricane Engines  
  55  6:58  Medivac  
  55  7:00  Cyclone  
  59  7:05  SCV  
  59  7:06  Marine  
  59  7:07  Marine  
  62  7:19  Armory  
  62  7:28  Starport  
  62  7:40  Supply Depot  
  62  7:42  Supply Depot  
  62  8:01  Viking  
  62  8:02  Reaper, Marauder  
  62  8:04  Viking  
  69  8:05  Supply Depot  
  69  8:07  Siege Tank  
  72  8:13  Terran Vehicle And Ship Armor Level 1  
  72  8:23  Marauder  
  74  8:31  Viking  
  76  8:36  Concussive Shells  
  76  8:38  Marine x2  
  76  8:39  Marine  
  79  8:43  Viking  
  79  8:45  Marauder  
  83  8:52  Hellbat  
  85  9:11  Supply Depot  
  85  9:13  Supply Depot  
  85  9:32  Viking x2  
  85  9:33  Marauder  
  85  9:36  Supply Depot  
  85  9:38  Supply Depot  
  91  9:46  Thor  
  96  10:14  Medivac x2  
  96  10:18  Marine x4  
  96  10:20  Marauder  
  98  10:44  Liberator  
  101  11:06  Viking  
  91  11:28  Marine x5  
Show
View Real Time Build Order
Export as new Build Order

watershark Zerg 

Build Orders: Pool First 

Get SALT Encoding   

  12  0:01  Drone  
  13  0:26  Spawning Pool  
  12  0:38  Extractor  
  12  0:40  Extractor  
  12  0:41  Drone x2  
  12  0:42  Drone  
  13  0:59  Drone  
  14  1:25  Overlord x3  
  14  1:43  Queen  
  16  2:00  Drone  
  16  2:01  Drone x2  
  19  2:15  Metabolic Boost  
  19  2:31  Drone  
  20  2:50  Lair  
  20  2:51  Zergling x4  
  20  2:52  Zergling x2  
  23  3:18  Zergling x4  
  25  3:24  Zergling x2  
  26  4:10  Infestation Pit  
  26  4:12  Drone  
  26  4:13  Drone  
  27  4:21  Spire  
  26  4:51  Hive  
  26  4:57  Zergling x4  
  26  4:58  Zergling x8  
  32  5:01  Overlord  
  32  5:30  Overlord x2  
  32  5:36  Zerg Flyer Weapons Level 1  
  32  5:42  Mutalisk x2  
  36  5:55  Mutalisk  
  38  6:00  Neural Parasite  
  38  6:04  Infestor  
  40  6:39  Extractor  
  39  6:45  Burrow  
  39  6:57  Drone x3  
  42  7:32  Zerg Flyer Armor Level 1  
  42  7:36  Mutalisk x3  
  48  7:53  Drone  
  49  8:17  Extractor, Hatchery  
  47  8:22  Drone x2  
  47  8:23  Drone  
  50  8:36  Mutalisk  
  50  8:37  Mutalisk  
  54  8:42  Overlord  
  54  9:13  Mutalisk x3  
  60  9:26  Zerg Flyer Weapons Level 2  
  60  10:13  Mutalisk x3  
  66  10:58  Mutalisk  
  66  11:03  Overlord  
  66  11:04  Overlord  
  68  11:08  Overlord  
  68  11:09  Overlord x2  
Tags
 
League
Bronze
Matchup
TvZ
Opening
Pool First
Spawn Locations
Cross Positions
Add a new tag
Caveats
  • Supply blocks, unpowered buildings, or Contaminate may cause inaccurate times.
  • Supply counts are checked every 10 seconds.